[Event "13th Chennai Open 2022"]
[Site "Chennai"]
[Date "2022.06.23"]
[Round "7.9"]
[White "Srijit Paul"]
[Black "Daakshin Arun"]
[Result "0-1"]
[ECO "B90"]
[WhiteElo "2399"]
[BlackElo "2016"]
[Annotator "TA"]
[PlyCount "48"]
[EventDate "2022.06.19"]
[EventType "swiss"]
[EventCountry "IND"]
[SourceTitle "playchess.com"]
[Source "ChessBase"]
[SourceQuality "1"]
[TimeControl "5400+30"]

1. e4 c5 2. Nf3 d6 3. d4 cxd4 4. Nxd4 Nf6 5. Nc3 a6 6. h3 Nc6 7. g4 {[%emt 0:00:00] B90: Sicilian Najdorf: Unusual White 6th moves, 6 Be3 Ng4 and 6 Be3 e5.} g6 8. Bg2 Nxd4 9. Qxd4 {[%emt 0:00:00] The position is equal.} Bg7 $1 10. g5 Nh5 11. Qd3 Be6 (11... Bd7 $15) 12. Bf3 {[%emt 0:00:00] [#]} Rc8 $146 ({Predecessor:} 12... b5 13. Bxh5 gxh5 14. Be3 Bc4 15. Qd2 Rc8 16. Bd4 Bxd4 17. Qxd4 e5 18. Qd2 b4 {0-1 (42) Aharon,O (2118)-Schiendorfer,E (2240) Vung Tau 2008}) 13. Bd2 (13. Nd5 $11 {remains equal.}) 13... Qb6 $1 $36 {[%emt 0:03:32][%mdl 2048] White is under strong pressure.} 14. Bxh5 (14. Nd1 $17 {is a better defense.}) 14... gxh5 (14... Qxb2 $19 15. Rb1 Rxc3 $1 16. Rxb2 Rxd3 17. cxd3 Bxb2) 15. Na4 {[%emt 0:00:00] [#]} (15. Rb1 $17 {was necessary.}) 15... Qc6 (15... Qb5 $1 $19 16. Qxb5+ axb5) 16. Bc3 Qxa4 17. Bxg7 Rg8 18. Bc3 Rxg5 19. a3 d5 20. f3 (20. O-O-O {was worth a try.}) 20... Rg2 $19 {[%emt 0:07:49] ...d4 is the strong threat.} 21. O-O-O $2 (21. Rd1) 21... d4 $1 {[%emt 0:01:28] Hoping for ...Rxc3.} 22. Bxd4 Rcxc2+ {[%emt 0:00:07] Black mates.} 23. Kb1 Bc4 24. Qe3 {[%emt 0:00:00] [#]} Rxb2+ $3 {[%emt 0:00:03][%mdl 512] Weighted Error Value: White=0.97/Black=0.10 (very precise)} 0-1

[Event "13th Chennai Open 2022"]
[Site "Chennai"]
[Date "2022.06.23"]
[Round "7.10"]
[White "Nguyen, Duc Hoa"]
[Black "Arpith S Bijoy"]
[Result "1-0"]
[ECO "E06"]
[WhiteElo "2398"]
[BlackElo "1713"]
[Annotator "TA"]
[PlyCount "45"]
[EventDate "2022.06.19"]
[EventType "swiss"]
[EventCountry "IND"]
[SourceTitle "playchess.com"]
[Source "ChessBase"]
[SourceQuality "1"]
[TimeControl "5400+30"]

1. d4 d5 2. c4 e6 3. Nf3 Nf6 4. g3 c5 5. cxd5 exd5 6. Bg2 Nc6 7. O-O Be7 8. dxc5 Bxc5 9. a3 a5 10. Nc3 O-O 11. Bg5 Be6 {[%emt 0:23:12] E06: Closed Catalan: Early deviations.} 12. Rc1 {[%emt 0:00:59] [#]} h6 $146 ({Black should play} 12... Ba7 $14) ({Predecessor:} 12... Ba7 13. Nb5 h6 14. Nxa7 Rxa7 15. Be3 Ra8 16. Nd4 Nxd4 17. Qxd4 Rc8 18. Rxc8 Qxc8 19. Bxh6 {1-0 (29) Garcia Garcia,A (2247)-Zaichenko,D (2104) Chess.com INT 2021}) 13. Bxf6 $16 Qxf6 {[%emt 0:00:36] White is better.} 14. Nxd5 Bxd5 15. Qxd5 Bb6 {[%emt 0:03:35] [#]} (15... b6 $16) 16. e3 $1 $18 Ba7 17. Qb5 Qe7 18. Nh4 Ne5 19. Rfd1 ({Don't take} 19. Bxb7 $6 Rab8 $16) (19. Qxb7 $6 Qxb7 20. Bxb7 Rab8) 19... Ng4 $2 {[%emt 0:07:48] [#]} (19... g6 {was necessary.} 20. h3 (20. Bxb7 Rab8 $15) (20. Qxb7 Qxb7 21. Bxb7 Rab8 $18) 20... a4) 20. Nf5 Qe5 21. Rd5 Qe6 22. Bf3 Nxe3 23. Nxe3 {[%emt 0:00:12] Black did not feel at home in the position after the opening.  Weighted Error Value: White=0.00 (flawless) /Black=0.46} ({Weaker is} 23. Re5 Nxf5 24. Rxe6 Nd4 $18) 1-0

[Event "13th Chennai Open 2022"]
[Site "Chennai"]
[Date "2022.06.23"]
[Round "7.11"]
[White "Prasannaa.s"]
[Black "Harsh Suresh"]
[Result "1-0"]
[ECO "A41"]
[WhiteElo "2164"]
[BlackElo "2392"]
[Annotator "TA"]
[PlyCount "113"]
[EventDate "2022.06.19"]
[EventType "swiss"]
[EventCountry "IND"]
[SourceTitle "playchess.com"]
[Source "ChessBase"]
[SourceQuality "1"]
[TimeControl "5400+30"]

1. e4 g6 2. d4 Bg7 3. c4 d6 4. Nc3 e5 5. dxe5 dxe5 6. Qxd8+ Kxd8 7. Nf3 c6 (7... Nc6 $14 {might be stronger.}) 8. c5 {[%emt 0:05:59] A41: 1 d4 d6: Tartakower System and Modern Defence.} (8. b4 $16) 8... Nd7 9. Be3 {[%emt 0:01:19] [#]} f6 $146 (9... Ke7 {feels hotter.} 10. Bc4 f6 11. g4 Nf8) ({Predecessor:} 9... Bh6 10. O-O-O Ke7 11. b4 Bxe3+ 12. fxe3 Ngf6 13. Bc4 Ne8 14. Rhf1 f6 15. Nd2 Nf8 {½-½ (26) Mukashev,A (2125)-Bogachkov,I (2324) Moscow 2009}) 10. Nd2 {[%emt 0:04:24] White has an edge.} Bh6 11. Nb3 Bxe3 12. fxe3 Nh6 13. Bc4 Ke7 14. Ke2 Nf8 15. h3 b5 (15... Ne6 {with more complications.} 16. Rhf1 b6 17. cxb6 axb6 18. a4 Nf7) 16. cxb6 axb6 17. a4 Nf7 18. Bxf7 Kxf7 19. a5 Be6 {[%emt 0:00:37] [#]} (19... bxa5 $11 20. Nxa5 (20. Rxa5 Rxa5 21. Nxa5 Ne6 $15) 20... Ne6) 20. axb6 $1 $16 Rxa1 21. Rxa1 (21. Nxa1 Nd7 $15) 21... Bxb3 22. Ra7+ Nd7 23. Rxd7+ {[%emt 0:00:06][%mdl 4096] Endgame KRB-KRN} Ke6 24. Rg7 {[%emt 0:04:04] White is more active.} Rb8 25. b7 h5 (25... Bc4+ $16 26. Kf3 Ba6) 26. h4 $18 g5 $2 (26... Kd6 {is a better chance.} 27. Kf2 (27. Rxg6 Ke7 $14) 27... Ke6) 27. hxg5 $2 (27. g4 Bc4+ 28. Kf2) 27... fxg5 28. Rg6+ (28. g4 $18 {and White stays clearly on top.}) 28... Kf7 29. Rxg5 {[%emt 0:00:09] White leaves nothing to chance now.} Rxb7 (29... Be6 $16) 30. Rxh5 {[%emt 0:01:20] Strongly threatening Rh7+.} (30. Rxe5 Be6 $16) 30... Bc4+ 31. Kf3 {[%emt 0:01:28] Threatens to win with Rh7+.} Rxb2 32. Rxe5 Rc2 {[%emt 0:00:14] [#]} 33. Na4 Be2+ {[%emt 0:02:21] [#]} 34. Kg3 $1 Kg7 35. Rg5+ Kf7 (35... Kf6 {was worth a try.} 36. Rf5+ Ke6 37. Nc5+ Ke7) 36. Rc5 Rd2 37. Nc3 {[%emt 0:00:42] And now Rf5+ would win.} ({Don't play} 37. Rxc6 $6 Bf1 38. Kf4 Rxg2 $18) 37... Ba6 38. Kf3 ({Don't do} 38. Rxc6 Bf1 39. Nd5 Bxg2 40. Rc7+ Kf8 $18) 38... Bb7 39. Ne2 Ke6 40. e5 Kd7 (40... Kf7 $142 41. Nd4 Bc8 42. Nxc6 Bb7) 41. g4 Kc7 42. Nd4 Kb6 {[%emt 0:00:39] [#]} 43. e6 $1 {[%emt 0:01:10] Black must now prevent e7.} Kxc5 (43... Rh2 44. e7) 44. e7 ({Not} 44. Nb3+ Kd6 45. Nxd2 Kxe6 $16) 44... Kb6 45. e8=Q {[%emt 0:01:43] Qd8+ is the strong threat.} c5+ 46. Kf4 {[%emt 0:00:37] Threatening mate with Qb5+.} cxd4 {[%emt 0:00:03] KQ-KRB} 47. Qd8+ Kb5 48. exd4 Bg2 49. Ke3 Rd1 50. Qb8+ {[%emt 0:00:25] White mates.} Kc4 51. Qc7+ Kb3 52. Qb6+ Kc3 53. Qc5+ Kb3 54. Qb5+ Kc3 55. Qe2 Rxd4 56. Qxg2 Rd3+ 57. Ke4 {[%emt 0:00:07] Weighted Error Value: White=0.25 (precise) /Black=0.55} 1-0

[Event "13th Chennai Open 2022"]
[Site "Chennai"]
[Date "2022.06.23"]
[Round "7.13"]
[White "Gusain, Himal"]
[Black "Daksh Goyal"]
[Result "1-0"]
[ECO "D00"]
[WhiteElo "2396"]
[BlackElo "1795"]
[Annotator "TA"]
[PlyCount "99"]
[EventDate "2022.06.19"]
[EventType "swiss"]
[EventCountry "IND"]
[SourceTitle "playchess.com"]
[Source "ChessBase"]
[SourceQuality "1"]
[TimeControl "5400+30"]

1. d4 d5 2. Bf4 Nf6 3. Nc3 e6 4. Nb5 Na6 5. e3 Be7 6. Nf3 {[%emt 0:00:48] D00: 1 d4 d5: Unusual lines.} Nh5 7. Be5 f6 {[%emt 0:02:47] [#]} 8. g4 $146 {[%emt 0:00:40] The position is equal.} ({Predecessor:} 8. Bg3 O-O 9. c4 c5 10. Nc3 cxd4 11. Nxd4 Nxg3 12. hxg3 Nc7 13. Bd3 f5 14. g4 {1-0 (41) Niemann,H (2645)-Sadhwani,R (2616) Warsaw 2021}) 8... fxe5 9. Nxe5 (9. gxh5 exd4 10. Nbxd4 c5 11. Bxa6 (11. Bb5+ Bd7 $17) 11... Qa5+ 12. Qd2 Qxa6 $17) 9... Nf6 {[%emt 0:16:46] And now ...Nd7 would win.} 10. g5 Ne4 {[%emt 0:15:12] Threatens to win with ...0-0.} 11. Qh5+ g6 12. Nxg6 hxg6 13. Qxh8+ Kd7 14. Qxd8+ Kxd8 15. Bd3 (15. h4 $14) 15... Nxg5 $11 ({Don't play} 15... Bxg5 16. Bxe4 dxe4 17. Rg1 $16) 16. Bxg6 e5 (16... c6 $15 17. Nc3 e5 18. dxe5 Nf3+ 19. Ke2 Nxe5) 17. O-O-O ({Better is} 17. dxe5 $11 Nf3+ 18. Ke2 Nxe5 19. Rag1) 17... e4 ({Black should try} 17... c6 $15 18. Nc3 Nh3) 18. h4 $14 Nh3 19. Rh2 c6 20. Nc3 Bd6 21. Rg2 {[%emt 0:00:06][%cal Og6f5] aiming for Bf5!} Ke7 (21... Nc7 $142) 22. Rf1 (22. Bh5 $1 $16) 22... Be6 23. f4 exf3 24. Rxf3 {[%emt 0:00:06] Strongly threatening Bd3.} Rf8 ({Black should play} 24... Rh8 $14) 25. Bh5 Rxf3 26. Bxf3 Kf6 (26... Nc7 $16 27. h5 Kf6) 27. Bg4 Nc7 28. Nd1 Bxg4 29. Rxg4 Ne6 30. Kd2 $1 Ng7 {[%emt 0:00:27] [#]} (30... b6 {was necessary.} 31. Ke2 c5) 31. Ke2 $1 $18 Nf5 32. Nf2 $2 (32. Kf3 $18) 32... Nxf2 $16 33. Kxf2 Bf8 34. e4 dxe4 35. Rxe4 Bd6 (35... Bh6 $142) 36. Kf3 c5 (36... Bf8 $16 37. c4 Bd6) 37. d5 $18 Be5 38. c3 b5 39. h5 Nd6 (39... a5 $142 40. Rg4 Bd6) 40. Rg4 Nf7 41. Rg6+ Kf5 42. Ra6 Bb8 43. h6 (43. Ke3 $18) 43... Bf4 $16 44. Rxa7 Ne5+ 45. Ke2 {[%emt 0:00:21] Black must now prevent h7.} Bxh6 46. Rb7 Bf8 $2 {[%emt 0:00:46][%mdl 8192] Loses the game.} (46... Ke4 $16 47. Rxb5 (47. d6 Kd5 $16) 47... Kxd5) 47. Rxb5 $18 {[%emt 0:00:08] White is clearly winning.} Ke4 48. a4 {[%emt 0:00:17][%cal Ba2a4,Ba4a5,Ba5a6][%mdl 32] Hoping for a5.} Kxd5 {[%emt 0:00:33] [#]} 49. a5 $1 Nc6 50. a6 {Weighted Error Value: White=0.22 (precise) /Black=0.26 (precise)} 1-0

[Event "13th Chennai Open 2022"]
[Site "Chennai"]
[Date "2022.06.23"]
[Round "7.14"]
[White "Rajesh, V A V"]
[Black "Mrithyunjay Mahadevan"]
[Result "1/2-1/2"]
[ECO "D83"]
[WhiteElo "2358"]
[BlackElo "1661"]
[Annotator "TA"]
[PlyCount "192"]
[EventDate "2022.06.19"]
[EventType "swiss"]
[EventCountry "IND"]
[SourceTitle "playchess.com"]
[Source "ChessBase"]
[SourceQuality "1"]
[TimeControl "5400+30"]

1. d4 Nf6 2. c4 g6 3. Nc3 d5 4. Bf4 Bg7 5. e3 O-O 6. Rc1 c5 7. dxc5 Be6 8. Nf3 Nc6 9. Ne5 {[%emt 0:16:37] D83: Grünfeld: 4 Bf4 Bg7 5 e3 0-0.} ({White should try} 9. Be2 $11) 9... Qa5 (9... Rc8 $15) 10. Nxc6 $14 bxc6 11. Qa4 $1 {[%emt 0:00:28] White has an edge.} Qxc5 12. b4 Qb6 13. c5 Qb7 (13... Qd8 $1 $11) 14. Ba6 $16 Qd7 15. Be5 {[%emt 0:15:34] White is more active.} Ng4 16. Bxg7 Kxg7 {[%emt 0:00:07] [#]} 17. Ne2 $146 ({Predecessor:} 17. h3 Ne5 18. Rd1 Qc7 19. Ne2 Nc4 20. Qc2 Qe5 21. Nd4 Qg5 22. Nxe6+ fxe6 23. O-O {1-0 (32) Ortega,M (2463)-Paiva,D (2230) Tornelo INT 2021}) 17... Qc7 $1 18. h3 Nf6 19. Nd4 Bd7 20. O-O e5 21. Nb3 Rab8 22. a3 Rfd8 23. Qa5 Ne8 24. Rfd1 Be6 25. Qxc7 Nxc7 26. Bf1 Bd7 27. Na5 Be8 28. Rb1 g5 29. Rb3 f5 30. Rdb1 Kf6 31. Rd1 (31. a4 $5 ) 31... h6 32. Rbd3 Ke7 33. R3d2 Rdc8 (33... Kf6 $11) 34. Bd3 (34. f3 $1 $14) 34... e4 35. Bf1 Nb5 36. Bxb5 Rxb5 37. Nb3 {[%emt 0:00:09] Threatening Nd4.} Bd7 38. Rf1 Rbb8 39. f3 Rf8 40. Rdf2 Rf7 (40... exf3 $14 41. Rxf3 Rf6) 41. fxe4 dxe4 42. Na5 Rbf8 (42... Rd8 $16) 43. Rd2 $18 f4 (43... Rc8 {might work better.} 44. Rfd1 Rc7) 44. Rd4 f3 (44... fxe3 $16 {keeps fighting.} 45. Rxe4+ Kd8 46. Rxf7 Rxf7 47. Rxe3 Kc7) 45. Rxe4+ Kd8 46. Rf2 (46. g4 $18) 46... Kc7 {[%emt 0:00:39] [#] Prevents Nb7.} ({Better is} 46... fxg2 47. Rxf7 (47. Rxg2 Rf1+ 48. Kh2 R8f3 $11) 47... Rxf7 48. Kxg2 Re7 49. Nb7+ Ke8) 47. Nc4 $1 $16 h5 (47... fxg2 $16 48. Rxf7 Rxf7 49. Kxg2 Kd8) 48. Ne5 Re7 49. Nxd7 (49. Rxf3 Bf5 $16) (49. gxf3 Bxh3 50. f4 Bf5 $16) 49... Rxd7 50. Rxf3 ({Resist} 50. gxf3 a5 51. Kg2 (51. bxa5 Rf5 $16) 51... a4) 50... Rxf3 51. gxf3 $18 {[%emt 0:00:04][%mdl 4096] Endgame KR-KR} Rd3 52. a4 h4 53. Re7+ Kb8 54. Re5 Rd1+ (54... Kc8 {was necessary.} 55. Kf2 Rb3 56. Rxg5 Rxb4) 55. Kf2 Rd2+ 56. Kf1 Rd1+ 57. Ke2 Rh1 (57... Ra1 $142 58. a5 Kb7 59. Rxg5 Ra2+ 60. Kd3 Ka6) 58. Rxg5 Rxh3 59. Rg8+ Kb7 60. Rg7+ Kb8 61. Rh7 Rh2+ 62. Kf1 h3 63. b5 cxb5 64. axb5 Rc2 65. Rxh3 Rxc5 66. Ke2 Rxb5 67. Kd3 a5 68. Kc4 {[%emt 0:01:11] Against Rb3} Rb4+ 69. Kc3 $2 (69. Kc5 $18 {and the rest is easy. e4 is the strong threat.} Rb3 70. f4) 69... Rb5 $2 (69... Rb6 $16 {is a better defense.} 70. f4 a4) 70. Rh4 $2 (70. f4 $18 a4 71. Kc4) 70... Kc7 $2 (70... Re5 $16 {was called for.}) 71. Rd4 {[%emt 0:00:23] Black must now prevent e4.} Kc6 $2 (71... Rf5 {was worth a try.} 72. f4 Kb7) 72. f4 {[%emt 0:00:22] Strongly threatening e4.} Rf5 73. Kc4 {[%emt 0:01:07] Hoping for Rd8.} Rc5+ $2 (73... Rf7 74. Re4 Ra7) 74. Kb3 (74. Kd3 $142 {And now Rc4 would win.} Rf5 75. Rd8) 74... Kb5 $2 {[%emt 0:00:05] Prevents Rc4.} (74... Rf5 75. Kc4 Rf8) 75. e4 Rh5 76. f5 ({Stronger than} 76. Rd5+ Rxd5 77. exd5 Kc5 $11) 76... Rh3+ (76... a4+ $142 77. Kc3 a3) 77. Kc2 Rf3 {[%emt 0:00:45] [#]} 78. Kd2 $1 a4 79. Rd3 Rf1 80. Kc3 $2 ({Only move:} 80. Ke2 $18 Rf4 81. Ke3) 80... a3 $1 $11 {[%emt 0:02:43] ( -> ...a2). The position is equal.} 81. Kb3 Re1 82. Rd5+ Kc6 83. Re5 Re3+ 84. Ka2 Kd6 85. Re6+ Kd7 86. e5 Rf3 87. Rd6+ Ke8 88. f6 Kf7 $1 89. Rd7+ Ke8 90. Re7+ Kf8 91. Rb7 {[%emt 0:00:55] aiming for Rb3.} Re3 92. Re7 Rf3 93. Rc7 Re3 94. Rc8+ Kf7 95. Rc7+ Kf8 96. Re7 Rf3 {[%emt 0:01:33] Black escapes into a draw.  Weighted Error Value: White=0.14 (very precise) /Black=0.37} 1/2-1/2

[Event "13th Chennai Open 2022"]
[Site "Chennai"]
[Date "2022.06.23"]
[Round "7.15"]
[White "John Veny Akkarakaran"]
[Black "Ravichandran, Siddharth"]
[Result "0-1"]
[ECO "B70"]
[WhiteElo "1855"]
[BlackElo "2352"]
[Annotator "TA"]
[PlyCount "90"]
[EventDate "2022.06.19"]
[EventType "swiss"]
[EventCountry "IND"]
[SourceTitle "playchess.com"]
[Source "ChessBase"]
[SourceQuality "1"]
[TimeControl "5400+30"]

1. e4 c5 2. Nf3 d6 3. d4 cxd4 4. Nxd4 Nf6 5. Nc3 a6 6. Be2 g6 7. Be3 Bg7 8. Qd2 Nbd7 9. h4 {[%emt 0:09:41] B70: Sicilian Dragon: 6 g3 and 6 Be2 (without a later Be3).} h5 (9... b5 {is more complex.} 10. h5 b4 11. Nd5 Nxe4 12. Qxb4 Rb8) 10. f3 Ne5 11. Bg5 {[%emt 0:09:58] White is slightly better.} Bd7 {[%emt 0:06:11] [#]} 12. Nd5 $146 (12. O-O-O $14) ({Predecessor:} 12. O-O-O b5 13. Nb3 Be6 14. Kb1 Rc8 15. Nd5 Bxd5 16. exd5 Nc4 17. Bxc4 bxc4 18. Bxf6 Bxf6 {0-1 (27) Johansen,J (2029)-Thjomoe,H (1735) Bornholm 2008}) 12... Nxd5 $11 13. exd5 Rc8 14. Be3 Qc7 15. c3 b5 16. Rc1 (16. O-O $11) 16... Nc4 $17 17. Bxc4 Qxc4 18. Nb3 a5 19. Nxa5 Qxa2 20. b4 Qa3 21. c4 {[%emt 0:02:29] [#] This move loses the game for White.} (21. O-O $15) 21... bxc4 $1 $19 22. Nxc4 Qb3 23. Bd4 Bxd4 24. Qxd4 Qxb4+ 25. Kf2 O-O 26. Qc3 $2 (26. Ke3) 26... Qxc3 27. Rxc3 Rc5 {[%emt 0:00:09] aiming for ...Rfc8.} 28. Rhc1 {[%emt 0:00:36] [#]} Rfc8 $1 29. Ke3 Bb5 30. Kd4 Rxc4+ 31. Rxc4 Rxc4+ 32. Rxc4 Bxc4 33. Kxc4 {[%emt 0:00:02][%mdl 4096] Endgame KP-KP} Kg7 {[%emt 0:00:13] And now ...Kf6 would win.} 34. Kd4 Kf6 {[%emt 0:01:37] Hoping for ...g5.} 35. Ke4 g5 {[%emt 0:00:28] Black mates.} 36. hxg5+ Kxg5 37. g3 f5+ 38. Ke3 f4+ 39. gxf4+ {[%emt 0:00:22] K3P-K3P} Kf5 40. Kf2 Kxf4 41. Kg2 h4 42. Kh3 Kxf3 43. Kxh4 Ke4 44. Kg4 Kxd5 45. Kf5 e5 {[%emt 0:00:08] Weighted Error Value: White=0.63/Black=0.02 (flawless)} 0-1

[Event "13th Chennai Open 2022"]
[Site "Chennai"]
[Date "2022.06.23"]
[Round "7.16"]
[White "Karthikeyan, P.."]
[Black "Gandhi, Aakash"]
[Result "1-0"]
[ECO "C02"]
[WhiteElo "2361"]
[BlackElo "1698"]
[Annotator "TA"]
[PlyCount "175"]
[EventDate "2022.06.19"]
[EventType "swiss"]
[EventCountry "IND"]
[SourceTitle "playchess.com"]
[Source "ChessBase"]
[SourceQuality "1"]
[TimeControl "5400+30"]

1. e4 e6 2. d4 d5 3. e5 c5 4. c3 Nc6 5. Nf3 Qb6 6. Bd3 cxd4 7. O-O $1 {[%emt 0:00:15][%mdl 4] is recently more successful than 7.cxd4. C02: French: Advance Variation.} Bd7 8. Re1 Nh6 (8... Rc8 $15) 9. a3 {[%emt 0:08:17] The position is equal.} a6 (9... Rc8 $11) 10. b4 $14 {[%emt 0:02:22] [#]} Be7 $146 ({Predecessor:} 10... Rc8 11. Bd2 Be7 12. Ra2 O-O 13. cxd4 Nf5 14. Bc3 Na7 15. a4 Rxc3 16. Nxc3 Bxb4 17. Bxf5 Bxc3 18. Bxh7+ Kxh7 {1-0 (30) Hector,J (2539)-Ask,J (2159) Malmo 2012}) 11. h3 Rc8 12. cxd4 Nf5 (12... Nxd4 $11 13. Be3 Nxf3+ 14. Qxf3 Qd8) 13. Bxf5 exf5 14. Nc3 Be6 15. Ne2 O-O 16. Bg5 Bxg5 17. Nxg5 h6 18. Nf3 a5 19. Rb1 axb4 20. axb4 Na7 21. b5 Rc7 22. Qd3 Rfc8 23. Nh4 g6 24. Nf3 ({Better is} 24. g3 $16) 24... Bd7 (24... Rc2 $14) 25. Nf4 $16 Be6 26. Qa3 {[%emt 0:03:07][%cal Of4g6] Strongly threatening Nxg6!} Rd7 $2 (26... Rd8 $16 27. Rec1 Rxc1+ 28. Rxc1 (28. Qxc1 Kg7 $16) 28... Nc8) 27. Nd3 $2 (27. Ra1 $18) 27... Rc4 28. Nc5 $36 {[%emt 0:01:46][%mdl 2048] White has strong initiative.} Rc7 29. Qe3 Kg7 30. Nd2 {[%emt 0:01:10] 0x0.00176315182ddp-1022s more active pieces.} (30. Rb2 $16) 30... R4xc5 $2 (30... Rc2 $14) 31. dxc5 $18 Rxc5 32. Nb3 $1 Rxb5 33. Qxb6 Rxb6 34. Nd4 Rxb1 35. Rxb1 {[%emt 0:00:02][%mdl 4096] Endgame KRN-KBN} Bc8 36. Rc1 Nc6 37. Nxc6 bxc6 38. Rxc6 {[%emt 0:00:03] KR-KB} Be6 39. f4 Kf8 40. Kf2 Ke7 41. Rc7+ Kf8 42. Ra7 Kg7 43. Ra8 g5 44. fxg5 hxg5 45. g3 Kh6 46. h4 $2 (46. Rg8 $18) 46... d4 $2 ({Black should try} 46... f4 $1 $14) 47. Rd8 (47. Rg8 $142) 47... f4 {[%emt 0:00:08] [#]} 48. gxf4 ({Inferior is} 48. Rxd4 fxg3+ 49. Kxg3 Kg6 $11) 48... gxh4 49. Kf3 Kg6 50. Rg8+ Kh7 51. Rd8 Kg6 52. Rxd4 Kf5 53. Rd2 f6 54. exf6 Kxf6 55. Re2 h3 56. Kg3 Bf5 57. Re5 Kg6 58. Ra5 Kf6 59. Ra8 Kf7 60. Rh8 Kg7 61. Rh5 Kg6 62. Rg5+ Kf6 63. Rh5 Kg6 $1 {[%emt 0:00:11] [#]} 64. Rh4 $1 Kg7 65. Kf3 Kf6 66. Ke3 Bd7 67. Rh6+ Kg7 68. Rd6 Bg4 {[%emt 0:00:19] ...h2 is the strong threat.} 69. Kf2 ({Don't take} 69. Rd2 Bf5 70. Kf2 Kf6 71. Rd6+ Be6) 69... Kf7 70. Kg3 Bf5 71. Rb6 Be6 72. Rb8 Kf6 73. Rb2 Kg6 74. Kf3 Bd5+ 75. Kg4 Be6+ 76. Kg3 Kf6 77. Rb8 Kf7 78. Rh8 {[%emt 0:00:36] Rh6 would kill now.} Kg7 {[%emt 0:00:12] Prevents Rh6.} 79. Rh4 (79. Ra8 $16) 79... Kg6 (79... Bf5 $1 $11 {remains equal.} 80. Rh5 Kg6) 80. Kf3 $16 Bd5+ 81. Ke3 Bg2 $2 (81... Be6 $16 {is a better defense.} 82. Kf3 Kg7) 82. Kf2 $18 Kf5 83. Kg3 Bf1 84. Rh5+ Kg6 85. Rh8 {[%emt 0:00:26][%cal Of4f5] Threatening mate with f5+!} Kg7 (85... Kf5 $142 86. Rf8+ Kg6 87. f5+ Kg7) 86. Rh4 {[%emt 0:00:08] White threatens Kg4 and mate. White is clearly winning.} Kg6 87. Kg4 {[%emt 0:00:03] Intending f5+ and mate.} Kf6 88. Rh6+ {[%emt 0:00:09] Weighted Error Value: White=0.28 (precise) /Black=0.33} 1-0

[Event "13th Chennai Open 2022"]
[Site "Chennai"]
[Date "2022.06.23"]
[Round "7.17"]
[White "Aaryan Varshney"]
[Black "Ashvath Mittal"]
[Result "1-0"]
[ECO "D66"]
[WhiteElo "2308"]
[BlackElo "1419"]
[Annotator "TA"]
[PlyCount "87"]
[EventDate "2022.06.19"]
[EventType "swiss"]
[EventCountry "IND"]
[SourceTitle "playchess.com"]
[Source "ChessBase"]
[SourceQuality "1"]
[TimeControl "5400+30"]

1. d4 Nf6 2. c4 e6 3. Nf3 d5 4. Bg5 Be7 5. Nc3 O-O 6. e3 c6 7. Bd3 dxc4 8. Bxc4 b5 9. Bd3 Nbd7 10. O-O a6 11. a4 Bb7 12. Rc1 h6 13. Bh4 b4 14. Bxf6 Nxf6 15. Ne4 Nd7 $1 16. Qe2 {[%emt 0:01:34] D66: Queen's Gambit Declined: Classical: Main Line (7 Rc1 c6 8 Bd3).} Qa5 17. Nfd2 c5 18. dxc5 {[%emt 0:03:02][%cal Bd4c5,Bc5c6][%mdl 32] [#] aiming for c6. The position is equal.} Bxe4 $146 (18... Bd5 $1 $11) ({Predecessor:} 18... Bd5 19. Nc4 Qxa4 20. Ra1 Qc6 21. Na5 Qc7 22. Rfc1 f5 23. Nd2 Nxc5 24. Nab3 Qb6 25. Nxc5 Bxc5 26. Bxa6 {½-½ (41) Beliavsky,A (2618)-Sveshnikov,E (2541) Bled 1999}) 19. Bxe4 $16 {[%emt 0:01:00] Black must now prevent Nb3.} Rac8 20. c6 Nc5 21. Nc4 $36 {[%emt 0:01:12][%mdl 2048] Keeping Black busy.} Qc7 22. Bf3 Nxa4 23. Ra1 Nc5 24. Na5 e5 (24... Qb6 $16 {was necessary.} 25. Nb7 Ra8) 25. Qc4 (25. Bd5 $1 $18 {has better winning chances.}) 25... Rb8 (25... e4 $16 {keeps fighting.} 26. Bxe4 Nxe4 27. Qxe4 Bf6) 26. Nb3 (26. Rfd1 $18) 26... Nxb3 ({Better is} 26... e4 27. Bxe4 (27. Nxc5 Qxc6 28. Rxa6 Qxc5 $16) 27... Nxe4) 27. Qxb3 a5 28. Rfd1 {[%emt 0:00:37] Strongly threatening Rd7.} Rfd8 {[%emt 0:00:00] Inhibits Rd7.} 29. Bd5 Bc5 {[%emt 0:00:00] [#]} (29... Kf8 $16 {is a better defense.} 30. Qc4 (30. Bxf7 Rxd1+ 31. Rxd1 Qxc6 $16) 30... Rbc8) 30. Qc4 $2 (30. Bxf7+ $1 $18 {[%mdl 512] is the precise move to win.} Kh8 31. Qe6) 30... Bb6 31. Rd3 Qe7 32. g3 Kf8 33. b3 Rbc8 34. Rad1 Bc7 35. Qg4 g6 36. Kg2 {[%emt 0:08:10] White is much more active.} h5 37. Qc4 f5 38. Be6 Rxd3 39. Rxd3 Rd8 {[%emt 0:00:28] ...Rxd3 is the strong threat.} 40. Bd7 e4 $2 (40... Kg7 $14) 41. Rd5 $18 {[%emt 0:00:41] White is clearly winning.} h4 (41... a4 $142 42. bxa4 Kg7) 42. Qd4 {[%emt 0:00:36][%cal Od7e6] Hoping for Be6!} Qg7 43. Qa7 h3+ 44. Kxh3 {[%emt 0:00:16] Weighted Error Value: White=0.16 (very precise) /Black=0.50} 1-0